 Dungeon Crawl Stone Soup version 0.30-a0-715-gdb4ae3ece1 (webtiles) character file.

Game seed: 6211334118440792729

51 MackTheKnife the Cudgeller (level 4, -2/32 HPs)
             Began as a Formicid Wanderer on Jan 24, 2023.
             Slain by Ijyb
             ... wielding a +0 dagger
              (4 damage)
             ... on level 3 of the Dungeon.
             The game lasted 00:02:47 (1605 turns).

MackTheKnife the Cudgeller (Formicid Wanderer)      Turns: 1605, Time: 00:02:47

Health: -2/32      AC:  6    Str: 14 (16) XL:     4   Next: 5%
Magic:  4/4        EV: 10    Int:  7 (9)  God:
Gold:   121        SH:  5    Dex: 17 (18) Spells: 3/3 levels left

rFire   + . .      SeeInvis +    a - +2 mace {mace}
rCold   . . .      Faith    .    f - +0 buckler
rNeg    . . .      Spirit   .    j - +0 ring mail
rPois   +          Reflect  .    (helmet unavailable)
rElec   .          Harm     .    (no cloak)
rCorr   .          Rampage  .    (no gloves)
Will    +....                    c - +0 pair of boots
Stlth   ++                       (no amulet)
HPRegen 0.25/turn                n - ring of poison resistance
MPRegen 0.09/turn                s - ring of protection from fire

@: brilliant
A: permanent stasis, dig shafts and tunnels, antennae 3, four strong arms,
strong-willed 1, mutation resistance 1, MP-powered wands
a: Dig, Shaft Self


You were on level 3 of the Dungeon.
You visited 1 branch of the dungeon, and saw 3 of its levels.

You collected 121 gold pieces.


Innate Abilities, Weirdness & Mutations

You cannot be hasted, slowed, berserked, paralysed or teleported.
You can dig through walls and to a lower floor.
You have a pair of large antennae on your head. (SInv)
Your four strong arms can wield two-handed weapons with a shield.
You are strong-willed. (Will+)
You are somewhat resistant to further mutation.
You expend magic power (3 MP) to strengthen your wands.


   Skills:
 - Level 1.1 Fighting
 - Level 3.0(4.0) Axes
 - Level 4.0(4.5) Maces & Flails
 - Level 1.7 Dodging
 - Level 2.3 Stealth
 + Level 3.5 Shields


You had 3 spell levels left.
You didn't know any spells.
Your spell library contained the following spells:

 Spells                   Type           Power      Damage    Failure   Level
 Slow                     Hex            0%         N/A       77%         1
 Cigotuvi's Dreadful Rot  Necr/Pois/Air  0%         N/A       88%         2
 Confusing Touch          Hex            0%         N/A       98%         3
 Vampiric Draining        Necr           0%         2d6       98%         3
 Dispel Undead            Necr           0%         3d6       100%        4
 Death Channel            Necr           0%         N/A       100%        6

Inventory:

Hand Weapons
 a - a +2 mace (weapon) {mace}
 p - a +2 vampiric dagger {short}
   (You took it off a goblin on level 2 of the Dungeon)
Armour
 c - a +0 pair of boots (worn)
 e - a +0 leather armour
 f - a +0 buckler (worn)
   (You found it on level 1 of the Dungeon)
 h - a +0 robe
   (You found it on level 1 of the Dungeon)
 j - a +0 ring mail (worn)
   (You found it on level 1 of the Dungeon)
 k - a +0 leather armour
   (You found it on level 1 of the Dungeon)
 t - a +0 chain mail
   (You found it on level 2 of the Dungeon)
 v - a +0 ring mail
   (You found it on level 2 of the Dungeon)
 w - a +0 robe
   (You found it on level 2 of the Dungeon)
Jewellery
 n - a ring of poison resistance (left hand)
   (You found it on level 2 of the Dungeon)
 s - a ring of protection from fire (right hand)
   (You found it on level 2 of the Dungeon)
Scrolls
 b - a scroll of amnesia {unknown}
 d - 2 scrolls of fog
 g - 3 scrolls of identify {unknown}
 o - a scroll of vulnerability {unknown}
 r - 2 scrolls of enchant weapon {unknown}
 x - a scroll of summoning {unknown}
Potions
 i - a potion of haste {@q3}
 m - a potion of heal wounds {unknown}
 q - a potion of magic

Dungeon Overview and Level Annotations

Branches:
Dungeon (3/15) Zot: 16376

Altars:
Sif Muna

Shops:
D:1 (

Annotations:
D:3 Ijyb

.≈........# .~~..>....#
## ~~.....<..# #.
♣.....†...# #.
..........## ...
♣~.........######.#
##................#
#......###......##
#......#####..#g@#
........####..g### .
.#.....##≈≈≈~~~≈≈# ...
.#####..####...####....
# ##.# ###..g...... .#
#......... +#
#......... #####.#### {
.#


You could see Ijyb (strong) and a goblin.


Message History

Moving in this stuff is going to be slow.
A bat comes into view.
Ijyb the Twisted Goblin comes into view.
She is wielding a +0 dagger and carrying a wand of mindburst (12).
The goblin shouts!
You block the goblin's attack.
You barely miss the goblin. You block the bat's attack.
The bat hits you but does no damage.
A frilled lizard comes into view.
You aren't carrying any items that you can evoke.
Unknown command.
The bat attacks as you move away! The bat barely misses you.
The bat hits you but does no damage. The goblin hits you but does no damage.
Ijyb screams, "I no like you!" The bat attacks as you move away!
You block the bat's attack. The bat closely misses you.
You enter the shallow water.
Moving in this stuff is going to be slow.
You block the bat's attack. The bat hits you. 😕 HP[-1]
You take 1 damage, and now have 31/32 hp.
You closely miss the bat. The bat hits you but does no damage.
The bat barely misses you. The bat misses you.
You barely miss the bat. You block the bat's attack. 😎 HP[+1]
Your hp is fully restored (32).
You swing at nothing.
The bat hits you but does no damage.
You sock the frilled lizard!
You kill the frilled lizard!
The bat closely misses you.
You closely miss the bat. The bat barely misses you.
You block the bat's attack.
Ijyb drinks a potion.
Ijyb seems to grow stronger.
The bat hits you but does no damage.
You hit the bat. You block the bat's attack.
The bat hits you but does no damage.
Unknown command.
You closely miss the bat. The bat hits you but does no damage.
The bat barely misses you.
Unknown command.
You hit the bat.
You kill the bat!
Unknown command.
You hit Ijyb.
Ijyb zaps a wand.
Your mind is blasted! 😮 HP[-12]
You take 12 damage, and now have 20/32 hp.
MASSIVE DAMAGE!! (PAUSE)
You barely miss Ijyb.
Ijyb zaps a wand.
Your mind is blasted! 😮 HP[-1]
You take 1 damage, and now have 19/32 hp.
It was a potion of degeneration.
There was something very wrong with that liquid.
You feel weakened.
You feel dopey.
You feel clumsy. You block Ijyb's attack.
Unknown command.
It was a potion of haste.
Your stasis prevents you from being hasted.
Ijyb hits you with a +0 dagger.
* * * LOW HITPOINT WARNING * * *
😨 HP[-3]
You take 3 damage, and now have 16/32 hp.
Unknown command.
Unknown command.
You barely miss Ijyb. Ijyb screams, "Me kill you!" Ijyb closely misses you.
Ijyb hits you with a +0 dagger.
* * * LOW HITPOINT WARNING * * *
😨 HP[-2]
You take 2 damage, and now have 14/32 hp.
Unknown command.
You hit Ijyb. Ijyb hits you with a +0 dagger.
* * * LOW HITPOINT WARNING * * *
😨 HP[-3]
You take 3 damage, and now have 11/32 hp.
Unknown command.
It was a potion of magic.
Magic courses through your body.
You block Ijyb's attack. 😨 HP[+1] It was a potion of brilliance.
You feel clever all of a sudden. Ijyb hits you with a +0 dagger.
* * * LOW HITPOINT WARNING * * *
😱 HP[-4]
You take 4 damage, and now have 8/32 hp.
It was a potion of mutation.
You feel extremely strange.
You feel your magical essence link to the dungeon's wands.
You feel strong-willed.
You feel genetically stable. You block Ijyb's attack.
You hit Ijyb. You block Ijyb's attack.
You completely miss Ijyb. Ijyb hits you with a +0 dagger!
* * * LOW HITPOINT WARNING * * *
😱 HP[-6]
You take 6 damage, and now have 2/32 hp.
You miss Ijyb. Ijyb hits you but does no damage.
Ijyb hits you with a +0 dagger.
You die...

Skill      XL: |  1  2  3 |
---------------+----------+-----
Stealth        | 1 2 |  2.3
Shields        | 1 2 3 |  3.5
Fighting       | |  1.1
Axes           | |  3.0
Maces & Flails | |  4.0
Dodging        | |  1.7

Action                     |  1- 3 |  4- 6 || total
---------------------------+-------+-------++-------
  Melee: Mace              |    68 |    16 ||    84
    Use: Potion            |       |     5 ||     5
   Stab: Sleeping          |     4 |       ||     4
 Armour: Leather armour    |     3 |       ||     3
         Ring mail         |     9 |     9 ||    18
  Dodge: Dodged            |    29 |     8 ||    37
  Block: Buckler           |    10 |    11 ||    21

Levels and vault maps discovered:
D:1:      doesnt_arrival_eight_statues, layout_loops_ring, serial_shops, shop,
          shapermc_ecumenical_altar_mp_ritualfount, minmay_liquid_box
D:2:      layout_loops_ring, basic_altar, nrook_uturn
D:3:      minmay_octagon_keep, layout_rooms, serial_rivers,
          chequers_serial_rivers_micro_a, chequers_serial_rivers_micro_b,
          chequers_serial_rivers_small_a, chequers_serial_rivers_marsh,
          chequers_serial_rivers_room_a, serial_shops, shop,
          chequers_mini_garden, uniq_ijyb

Notes
Turn   | Place    | Note
-------+----------+-------------------------------------------
     0 | D:1      | MackTheKnife the Formicid Wanderer began the quest for the
                  | Orb.
     0 | D:1      | MackTheKnife set off with the following items: a +2 mace
                  | {mace}, a +0 hand axe {axe}, a +0 pair of boots, a scroll
                  | of fog, a +0 leather armour.
     0 | D:1      | Reached XP level 1. HP: 15/15 MP: 1/1
     0 | D:1      | magus.rc [v1.9.6]
    13 | D:1      | Found a faded altar of an unknown god.
   107 | D:1      | Reached skill level 1 in Stealth
   107 | D:1      | Reached skill level 1 in Shields
   109 | D:1      | Reached XP level 2. HP: 17/21 MP: 2/2
   136 | D:1      | You pick up a book of Decay and begin reading...
   136 | D:1      | You add the spells Cigotuvi's Dreadful Rot, Dispel Undead
                  | and Death Channel to your library.
   546 | D:1      | Found Guwukhaa's Weapon Emporium.
   587 | D:1      | Reached skill level 2 in Stealth
   620 | D:1      | Reached skill level 2 in Shields
   620 | D:1      | Reached XP level 3. HP: 23/26 MP: 3/3
   691 | D:1      | You pick up a book of Debilitation and begin reading...
   691 | D:1      | You add the spells Slow, Vampiric Draining and Confusing
                  | Touch to your library.
   928 | D:2      | Found a shimmering blue altar of Sif Muna.
  1052 | D:2      | Reached skill level 3 in Shields
  1544 | D:3      | Reached XP level 4. HP: 32/32 MP: 4/4
  1577 | D:3      | Noticed Ijyb
  1601 | D:3      | HP: 8/32 [Ijyb/+0 dagger (4)]
  1602 | D:3      | Gained mutation: You expend magic power (3 MP) to
                  | strengthen your wands. [potion of mutation]
  1602 | D:3      | Gained mutation: You are strong-willed. (Will+) [potion of
                  | mutation]
  1602 | D:3      | Gained mutation: You are somewhat resistant to further
                  | mutation. [potion of mutation]
  1604 | D:3      | HP: 2/32 [Ijyb/+0 dagger (7)]
  1605 | D:3      | Slain by Ijyb

Vanquished Creatures
  An adder (D:2)
  3 dart slugs
  2 endoplasms (D:1)
  4 goblins
  3 hobgoblins (D:1)
  A quokka (D:1)
  6 ball pythons
  5 bats
  A frilled lizard (D:3)
  A kobold (D:1)
  8 rats
35 creatures vanquished.

Table legend:
 A = Non-vault XP
 B = Vault XP
 C = Vault XP percentage of total XP
 D = Non-vault monster count
 E = Vault monster count
 F = Vault count percentage of total count
                 A         B        C        D         E       F
            +---------+---------+-------+---------+---------+-------
      Total |      73 |       0 |   0.0 |      35 |       0 |   0.0
            +---------+---------+-------+---------+---------+-------
        D:1 |      36 |       0 |   0.0 |      20 |       0 |   0.0
        D:2 |      31 |       0 |   0.0 |      11 |       0 |   0.0
        D:3 |       6 |       0 |   0.0 |       4 |       0 |   0.0
            +---------+---------+-------+---------+---------+-------

Illustrated notes

Table legend:
 A = Kills in this place as a percentage of kills in entire the game.
 B = Kills by you in this place as a percentage of kills by you in the entire game.
 C = Kills by friends in this place as a percentage of kills by friends in the entire game.
 D = Other kills in this place as a percentage of other kills in the entire game.
 E = Experience gained in this place as a percentage of experience gained in the entire game.
 F = Experience gained in this place divided by the number of levels of this place that you have seen.
                   A       B       C       D       E      F
               +-------+-------+-------+-------+-------+----------------------
         Total | 100.0 | 100.0 |   N/A |   N/A | 100.0 |  24.3
       Dungeon | 100.0 | 100.0 |   N/A |   N/A | 100.0 |  24.3
               +-------+-------+-------+-------+-------+----------------------

Table legend: (Time is in decaauts)
 A = Elapsed time spent in this place.
 B = Non-inter-level travel time spent in this place.
 C = Inter-level travel time spent in this place.
 D = Time resting spent in this place.
 E = Time spent auto-exploring this place.
 F = Levels seen in this place.
 G = Mean time per level.
                   A        B        C        D        E       F      G
               +--------+--------+--------+--------+--------+-----+--------+
         Total |   1622 |   1512 |    110 |     12 |   1215 |   3 |  540.7 |
       Dungeon |   1622 |   1512 |    110 |     12 |   1215 |   3 |  540.7 |
               +--------+--------+--------+--------+--------+-----+--------+

Top non-repeatable levels by time:
     D:1: 842 daAuts
     D:2: 711 daAuts
     D:3: 67 daAuts
